 Dungeon Crawl Stone Soup version 0.17-a0-1583-g2df49ec (webtiles) character file.

1195 orochimarko the Firebug (level 8, -2/43 HPs)
             Began as a Tengu Fire Elementalist on July 28, 2015.
             Was a Believer of Makhleb.
             Slain by a scorpion (4 damage)
             ... on level 6 of the Dungeon.
             The game lasted 01:24:54 (6625 turns).

orochimarko the Firebug (Tengu Fire Elementalist)   Turns: 6625, Time: 01:24:54

Health: -2/43      AC:  9    Str:  9    XL:     8   Next: 44%
Magic:  2/16       EV: 13    Int: 18    God:    Makhleb [**....]
Gold:   309        SH:  0    Dex: 14    Spells: 4 memorised, 5 levels left

rFire  . . .     SeeInvis .     C - +0 dagger (protect)
rCold  . . .     Clarity  .     a - +0 robe
rNeg   . . .     SustAt   .     (no shield)
rPois  .         Gourm    .     (helmet restricted)
rElec  .         Spirit   .     y - +0 cloak
rCorr  .         Warding  .     S - +0 pair of gloves
rMut   .         Stasis   .     (boots unavailable)
MR     .....                    (no amulet)
Stlth  ++........               (no ring)
                                z - ring of wizardry

@: lethally poisoned (-2 -> -9), drained, not resistant to hostile enchantments,
unstealthy
A: beak, talons 3, able to fly 1
a: Fly, Minor Destruction, Renounce Religion


You were on level 6 of the Dungeon.
You worshipped Makhleb.
Makhleb was pleased with you.
You were not hungry.

You visited 1 branch of the dungeon, and saw 7 of its levels.

You collected 309 gold pieces.

Inventory:

Hand weapons
 d - a +0 dagger of speed
 f - a -1 dagger of venom
 C - a +0 dagger of protection (weapon)
 D - a +0 vampiric whip
 O - a +0 hunting sling
Missiles
 e - 6 needles of confusion
 g - 13 poisoned needles
 h - 7 bolts
 j - 152 stones (quivered)
 w - 9 steel sling bullets
 L - 11 tomahawks
Armour
 a - a +0 robe (worn)
 y - a +0 cloak (worn)
 B - a +0 buckler
 S - a +0 pair of gloves (worn)
Jewellery
 z - a ring of wizardry (left hand)
 R - an uncursed ring of poison resistance {unknown}
Magical devices
 Q - a wand of draining (5)
Scrolls
 i - 2 scrolls of fear
 o - 2 scrolls of blinking
 p - 3 scrolls of remove curse
 q - 2 scrolls of teleportation {unknown}
 r - 2 scrolls of magic mapping {unknown}
 v - a scroll of enchant weapon {unknown}
 A - a scroll of noise {unknown}
 H - 4 scrolls of enchant armour
 I - a scroll of fog {unknown}
 M - 2 scrolls of identify
Potions
 l - 2 potions of cure mutation
 m - a potion of invisibility {unknown}
 n - 4 potions of curing
 t - a potion of beneficial mutation {unknown}
 u - a potion of agility {unknown}
 x - a potion of flight {unknown}
 F - a potion of mutation {unknown}
 G - a potion of heal wounds {unknown}
 K - a potion of poison {unknown}
 N - a potion of haste {unknown}
Books
 b - a book of Flames

   Spells                             Type                      Level
   a - Flame Tongue                   Conjuration/Fire             1
   b - Throw Flame                    Conjuration/Fire             2
   c - Conjure Flame                  Conjuration/Fire             3
   d - Inner Flame                    Hexes/Fire                   3
   e - Sticky Flame                   Conjuration/Fire             4
   f - Fireball                       Conjuration/Fire             5
Comestibles
 c - 3 bread rations
 k - a beef jerky
 s - 3 meat rations
 J - a slice of pizza
 P - 2 chunks of flesh


   Skills:
 + Level 1.2(0.9) Fighting
 + Level 0.4(0.2) Short Blades
 + Level 3.5(3.2) Slings
 + Level 0.7(2.2) Throwing
 + Level 3.5(3.2) Dodging
 + Level 2.8(2.5) Stealth
 + Level 4.6(4.3) Spellcasting
 + Level 6.0(5.7) Conjurations
 + Level 6.2(5.9) Fire Magic


You had 5 spell levels left.
You knew the following spells:

 Your Spells              Type           Power        Failure   Level  Hunger
a - Flame Tongue          Conj/Fire      ###..        1%          1    None
b - Throw Flame           Conj/Fire      ###...       1%          2    ##.....
c - Conjure Flame         Conj/Fire      ###.....     1%          3    ###....
d - Fireball              Conj/Fire      ###.......   17%         5    ######.


Dungeon Overview and Level Annotations

Branches:
Dungeon (7/15)
 Temple: D:4-7

Altars:
Dithmenos
Elyvilon
Fedhas
Makhleb
Trog


Innate Abilities, Weirdness & Mutations

You have a beak for a mouth.
You have claws for feet.
You can fly.


Message History

You feel sick. The scorpion barely misses you.
You hit the scorpion but do no damage.
You claw the scorpion, but do no damage.
The scorpion is moderately wounded.
You feel sick. The scorpion stings you.
* * * LOW HITPOINT WARNING * * *
You hit the scorpion but do no damage.
You peck the scorpion, but do no damage.
The scorpion is moderately wounded.
* * * LOW HITPOINT WARNING * * *
You feel sick. The scorpion misses you.
You hit the scorpion.
The scorpion is moderately wounded.
* * * LOW HITPOINT WARNING * * *
You feel sick. The scorpion stings you.
* * * LOW HITPOINT WARNING * * *
You hit the scorpion. Your kick misses the scorpion.
The scorpion is heavily wounded.
The scorpion stings you.
You die...

## #) #o #[ #. ###
##.##
.<#########...######
..............(s@..#
#.#########...####.#
#.##########.## #.#
#........# #. #.#
########.# #. ##.##
#.# #.####...####.#
#.# #......#......#
#.# ######...######
#.# ##.##


You could see a scorpion.

Vanquished Creatures
  A phantom (D:4)
  A necrophage (D:7)
  2 ogres (D:4)
  2 giant frogs
  A scorpion (D:6)
  3 hounds
  An orc priest (D:4)
  3 orc wizards
  2 giant frog skeletons (D:5)
  Ijyb (D:2)
  An iguana (D:6)
  2 worker ants
  A worker ant zombie (D:6)
  9 adders
  7 gnolls
  A shadow imp (D:5)
  An adder skeleton (D:6)
  5 worms
  4 giant geckos
  18 orcs
  4 bats
  5 giant cockroaches
  5 goblins
  9 hobgoblins
  3 jackals (D:4)
  7 kobolds
  2 quokkas
  3 ball pythons
  3 giant newts
  A quokka zombie (D:5)
  11 rats
119 creatures vanquished.

Notes
Turn   | Place    | Note
--------------------------------------------------------------
     0 | D:1      | orochimarko the Tengu Fire Elementalist began the quest for the Orb.
     0 | D:1      | Reached XP level 1. HP: 10/10 MP: 4/4
   318 | D:1      | Reached XP level 2. HP: 15/15 MP: 3/6
   645 | D:1      | Learned a level 2 spell: Throw Flame
  1024 | D:2      | Noticed Ijyb
  1056 | D:2      | Reached XP level 3. HP: 19/19 MP: 3/7
  1299 | D:2      | Killed Ijyb
  1299 | D:2      | Reached skill level 4 in Fire Magic
  1299 | D:2      | Reached XP level 4. HP: 21/24 MP: 1/9
  1772 | D:3      | Learned a level 3 spell: Conjure Flame
  1864 | D:3      | Reached skill level 1 in Slings
  2024 | D:3      | Gained mutation: You can fly. [Tengu growth]
  2024 | D:3      | Reached XP level 5. HP: 28/28 MP: 6/10
  2674 | D:3      | Noticed a phantom
  3152 | D:3      | Reached XP level 6. HP: 16/32 MP: 1/11
  3507 | D:4      | You fall through a shaft for 3 floors!
  3607 | D:7      | Found a white marble altar of Elyvilon.
  3610 | D:7      | Became a worshipper of Elyvilon the Healer
  3617 | D:7      | Found a burning altar of Makhleb.
  3629 | D:7      | Fell from the grace of Elyvilon
  3629 | D:7      | Became a worshipper of Makhleb the Destroyer
  3821 | D:5      | Entered Level 5 of the Dungeon
  3909 | D:5      | Learned a level 5 spell: Fireball
  3960 | D:5      | Reached skill level 5 in Fire Magic
  3960 | D:5      | Reached XP level 7. HP: 32/37 MP: 5/13
  4193 | D:4      | Found a blossoming altar of Fedhas.
  4366 | D:4      | Reached skill level 5 in Conjurations
  4762 | D:5      | Reached skill level 1 in Fighting
  4788 | D:5      | Acquired Makhleb's first power
  5121 | D:5      | Found a bloodstained altar of Trog.
  5171 | D:5      | Reached XP level 8. HP: 37/43 MP: 1/15
  5358 | D:5      | Found a bloodstained altar of Trog.
  5653 | D:5      | Acquired Makhleb's second power
  5753 | D:5      | Found a shadowy altar of Dithmenos.
  6081 | D:6      | Reached skill level 6 in Fire Magic
  6624 | D:6      | HP: 2/43 [scorpion (4)]
  6625 | D:6      | Slain by a scorpion

Vault maps used:
D:1:      dpeg_arrival_windows_large_door, patterned_corridor
D:2:      uniq_iyjb
D:3:      first_bread
D:4:      fedhas_altar_2, portal_sewer_entry_e
D:5:      nicolae_dithmenos_the_darkroom, bloody_trog, amethyst_killhole,
          kennysheep_nondescript, lemuel_statue_altar
D:6:      moated_statue
D:7:      bloody_makhleb, nicolae_gozag_seed_capital, kennysheep_mini_moat,
          minmay_temple_entry_fiery, serial_shops, kennysheep_little_box,
          nicolae_shop_stone

Action                   |  1- 3 |  4- 6 |  7- 9 || total
-------------------------+-------+-------+-------++-------
Melee: Whip              |     1 |       |       ||     1
       Dagger            |     6 |    15 |    34 ||    55
 Fire: Hunting sling     |     7 |    33 |    18 ||    58
Throw: Stone             |    11 |     6 |       ||    17
 Cast: Flame Tongue      |    32 |    68 |    65 ||   165
       Throw Flame       |     6 |    35 |    56 ||    97
       Conjure Flame     |       |     5 |     9 ||    14
       Fireball          |       |       |     3 ||     3
  Use: Scroll            |     2 |     6 |     1 ||     9
  Eat: Chunk             |     2 |    11 |     4 ||    17
       Bread ration      |       |       |     2 ||     2
